 Dungeon Crawl Stone Soup version 0.30-a0-953-g5f1da4a474 (webtiles) character file.

Game seed: 1224234197325721531

174 DeathPants the Trooper (level 5, -3/28 HPs)
             Began as a Vine Stalker Fighter on Mar 28, 2023.
             Slain by Grinder (4 damage)
             ... on level 3 of the Dungeon.
             The game lasted 00:07:29 (1957 turns).

DeathPants the Trooper (Vine Stalker Fighter)       Turns: 1957, Time: 00:07:29

Health: -3/28      AC: 14    Str: 19    XL:     5   Next: 54%
Magic:  0/6        EV:  9    Int: 10    God:
Gold:   212        SH:  5    Dex: 13    Spells: 4/4 levels left

rFire   . . .      SeeInvis .    a - +1 flail (drain)
rCold   . . .      Faith    .    c - +0 buckler
rNeg    . . .      Spirit   +    b - +0 scale mail
rPois   .          Reflect  .    h - +1 helmet
rElec   .          Rampage  .    f - +1 cloak
rCorr   .                        (no gloves)
Will    .....                    (no boots) Stlth
                                 (no amulet)
HPRegen 1.04/turn                m - +4 ring of protection
MPRegen 0.10/turn                (no ring)

@: mighty
A: fangs 2, regeneration 1, magic shield, antimagic bite, no potion heal 2
a: no special abilities


You were on level 3 of the Dungeon.
You visited 1 branch of the dungeon, and saw 4 of its levels.

You collected 212 gold pieces.

Inventory:

Hand Weapons
 a - a +1 flail of draining (weapon)
 g - a +0 flail
Missiles
 j - 4 poisoned darts (quivered)
 l - 5 boomerangs
Armour
 b - a +0 scale mail (worn)
 c - a +0 buckler (worn)
 f - a +1 cloak (worn)
 h - a +1 helmet (worn)
Magical Staves
 p - a staff of death
Jewellery
 m - a +4 ring of protection (left hand)
Scrolls
 e - 2 scrolls of blinking
Potions
 k - a potion of resistance
 n - a potion of cancellation
 q - a potion of curing


   Skills:
 + Level 3.4 Fighting
 * Level 3.4 Maces & Flails
 - Level 2.4 Armour
 + Level 1.5 Dodging
 + Level 3.3 Shields


You had 4 spell levels left.
You didn't know any spells.
Your spell library contained the following spells:

 Spells                   Type           Power      Damage    Failure   Level
 Magic Dart               Conj           0%         1d3       83%         1
 Hailstorm                Conj/Ice       0%         3d3       99%         3
 Spellforged Servitor     Conj/Summ      0%         N/A       100%        7


Dungeon Overview and Level Annotations

Branches:
Dungeon (4/15)
 Temple: D:4-7

Altars:

Annotations:
D:3 Grinder


Innate Abilities, Weirdness & Mutations

You have extremely sharp teeth.
Your natural rate of healing is unusually fast.
When hurt, damage is shared between your health and your magic reserves.
Your bite disrupts and absorbs the magic of your enemies.
Potions cannot restore your health.


Message History

Grinder comes into view.
Throw: 9 darts (poison)
Press: ? - help, Q - select action, (/) - cycle Shift-Dir - straight line, f - Grinder
Aim: Grinder (wandering, hasn't noticed you, 53% to hit)
You throw a poisoned dart. The poisoned dart hits Grinder.
Grinder shouts!
Throw: 8 darts (poison)
Press: ? - help, Q - select action, (/) - cycle Shift-Dir - straight line, f/p - Grinder
Aim: Grinder (53% to hit)
You throw a poisoned dart. The poisoned dart hits Grinder.
Throw: 7 darts (poison)
Press: ? - help, Q - select action, (/) - cycle Shift-Dir - straight line, f/p - Grinder
Aim: Grinder (53% to hit)
You throw a poisoned dart. The poisoned dart hits Grinder.
Grinder is poisoned.
Throw: 6 darts (poison)
Press: ? - help, Q - select action, (/) - cycle Shift-Dir - straight line, f/p - Grinder
Aim: Grinder (lightly wounded, poisoned, 53% to hit)
You throw a poisoned dart. The poisoned dart hits Grinder.
Grinder is lightly wounded.
Grinder gestures at you. Pain shoots through your body!
Throw: 5 darts (poison)
Press: ? - help, Q - select action, (/) - cycle Shift-Dir - straight line, f/p - Grinder
Aim: Grinder (lightly wounded, poisoned, 53% to hit)
You throw a poisoned dart. The poisoned dart hits Grinder.
Grinder is lightly wounded.
Grinder gestures at you. Pain shoots through your body!
You hit Grinder. You bite Grinder, but do no damage.
Grinder is lightly wounded.
Grinder hits you but does no damage.
You barely miss Grinder. Your bite misses Grinder.
Grinder is lightly wounded.
Grinder hits you but does no damage. Grinder hits you.
You writhe in agony.
* * * LOW HITPOINT WARNING * * *
You feel very mighty all of a sudden.
Grinder looks more healthy.
Grinder hits you!
* * * LOW HITPOINT WARNING * * *
You writhe in agony.
You die...

###.######......###........#
...<............##.........#
......####........†.#####.##
.........)#.#####)#.).<##.#
.......!....#####.####[##.###
...............)............#####
........$....#.##.#...#.........#
....w....#......................#
................@...............#
,,,,>.......#..?5............†...
,,,,...P............#..8.....#.)#
****#.....P......(..#........##..
#...P........(....)..###.###. **
#...P.........(.#..#.,,..# ## ,*
#.............(.....,,,P.#### ,*
*,,,,...........#...~~~...... ,*
*,,,,,,,,,,,,,,,*,,,~~~.....#


You could see Grinder.

Vanquished Creatures
  Jessica (D:3)
  Natasha (twice) (D:3)
  3 adders
  A gnoll (D:1)
  A worm (D:2)
  2 dart slugs (D:3)
  5 orcs
  6 bats
  6 endoplasms
  2 giant cockroaches (D:1)
  A goblin (D:3)
  3 hobgoblins
  2 quokkas (D:2)
  6 ball pythons
  A ball python zombie (D:3)
  9 kobolds
  4 rats
55 creatures vanquished.

Vanquished Creatures (others)
  A giant cockroach (D:1)
  5 withered plants (D:3)
6 creatures vanquished.

Grand Total: 61 creatures vanquished

Notes
Turn   | Place    | Note
-------+----------+-------------------------------------------
     0 | D:1      | DeathPants the Vine Stalker Fighter began the quest for the
                  | Orb.
     0 | D:1      | Reached XP level 1. HP: 11/11 MP: 2/2
   122 | D:1      | Reached XP level 2. HP: 12/16 MP: 1/3
   324 | D:1      | Reached XP level 3. HP: 19/19 MP: 4/4
   997 | D:3      | Noticed Jessica
  1106 | D:2      | Reached skill level 1 in Dodging
  1209 | D:2      | Gained mutation: Your natural rate of healing is unusually
                  | fast. [Vine Stalker growth]
  1209 | D:2      | Reached XP level 4. HP: 23/24 MP: 5/5
  1234 | D:2      | Got the Atlas of the Barrage
  1515 | D:3      | Killed Jessica
  1851 | D:3      | Noticed Natasha
  1857 | D:3      | Killed Natasha
  1858 | D:3      | Reached XP level 5. HP: 27/28 MP: 6/6
  1893 | D:3      | Noticed Natasha
  1899 | D:3      | Killed Natasha
  1947 | D:3      | Noticed Grinder
  1957 | D:3      | HP: 1/28 [Grinder (8)]
  1957 | D:3      | Slain by Grinder

Illustrated notes

Levels and vault maps discovered:
D:1:      heliophobic_arrival_glass_houses, layout_basic, nrook_campfire
D:2:      layout_loops_ring, serial_forest, infiniplex_forest_clump_small,
          infiniplex_forest_lined_4_way, infiniplex_forest_clump_curved,
          infiniplex_forest_lined_3, infiniplex_forest_straight_2,
          infiniplex_forest_clump_tiny, infiniplex_forest_end_2,
          infiniplex_forest_zigzag_1, infiniplex_forest_fountain
D:3:      layout_rooms, serial_undead, serial_undead_f, serial_undead_f,
          serial_undead_e, serial_undead_c, serial_undead_b, serial_undead_c,
          uniq_natasha, uniq_jessica, uniq_grinder
D:4:      layout_loops_cross, nicolae_sif_muna_condensation,
          general_overflow_altar, chequers_temple_overflow_statue_of_worship

Skill      XL: |  1  2  3  4 |
---------------+-------------+-----
Maces & Flails | 2 3 |  3.4
Fighting       | 3 |  3.4
Shields        | 3 |  3.3
Dodging        | 1 |  1.5
Armour         | |  2.4

Action                     |  1- 3 |  4- 6 || total
---------------------------+-------+-------++-------
  Melee: Flail             |    83 |    53 ||   136
         Bite              |    12 |    13 ||    25
  Throw: Dart              |       |     6 ||     6
    Use: Scroll            |       |     8 ||     8
         Potion            |       |     1 ||     1
 Armour: Scale mail        |    47 |    35 ||    82
  Dodge: Dodged            |    28 |    35 ||    63
  Block: Buckler           |    15 |    20 ||    35

Table legend: (Time is in decaauts)
 A = Elapsed time spent in this place.
 B = Non-inter-level travel time spent in this place.
 C = Inter-level travel time spent in this place.
 D = Time resting spent in this place.
 E = Time spent auto-exploring this place.
 F = Levels seen in this place.
 G = Mean time per level.
                   A        B        C        D        E       F      G
               +--------+--------+--------+--------+--------+-----+--------+
         Total |   2003 |   1971 |     32 |     31 |   1332 |   4 |  500.8 |
       Dungeon |   2003 |   1971 |     32 |     31 |   1332 |   4 |  500.8 |
               +--------+--------+--------+--------+--------+-----+--------+

Top non-repeatable levels by time:
     D:1: 930 daAuts
     D:2: 746 daAuts
     D:3: 323 daAuts
     D:4: 1 daAuts
